 Dungeon Crawl Stone Soup version 0.16.2-12-gd0ad4c3 (webtiles) character file.

68 faibistes the Cudgeler (level 4, 0/45 HPs)
             Began as an Ogre Warper on Dec 11, 2017.
             Succumbed to an adder's poison
             ... on level 3 of the Dungeon.
             The game lasted 00:10:23 (2966 turns).

faibistes the Cudgeler (Ogre Warper)                Turns: 2966, Time: 00:10:24

Health: 0/45       AC:  3    Str: 16    XL:     4   Next: 19%
Magic:  9/9        EV: 10    Int: 13    God:
Gold:   159        SH:  0    Dex:  9    Spells: 4 memorised, 1 level left

rFire  . . .     SeeInvis .     a - +0 mace
rCold  . . .     Clarity  .     b - +0 robe
rNeg   . . .     SustAb   .     (shield restricted)
rPois  .         Gourm    .     (helmet restricted)
rElec  .         Spirit   .     (no cloak)
rCorr  .         Warding  .     (gloves unavailable)
rMut   .         Stasis   .     (boots unavailable)
MR     .....                    (no amulet)
Stlth  +.........               (no ring)
                                (no ring)

@: lethally poisoned (0 -> -6), not resistant to hostile enchantments, very
unstealthy
A: unfitting armour, tough skin 1
a: no special abilities


You were on level 3 of the Dungeon.
You were hungry.

You visited 1 branch of the dungeon, and saw 5 of its levels.

You collected 159 gold pieces.

Inventory:

Hand weapons
 a - a +0 mace (weapon)
Missiles
 e - 5 tomahawks of dispersal
 h - 35 stones (quivered)
Armour
 b - a +0 robe (worn)
Scrolls
 d - a scroll of blinking
 g - a scroll of remove curse {unknown}
 i - a scroll of magic mapping {unknown}
 j - a scroll of teleportation {unknown}
 k - a scroll of identify
 m - a scroll of random uselessness {unknown}
 n - a scroll of fear {unknown}
 o - 2 scrolls of enchant armour
 q - a scroll of amnesia {unknown}
Potions
 l - 2 potions of magic
Books
 c - a book of Spatial Translocations

   Spells                             Type                      Level
   a - Apportation                    Translocation                1
   b - Blink                          Translocation                2
   c - Shroud of Golubria             Charms/Translocation         2
   d - Portal Projectile              Translocation                3
   e - Teleport Other                 Translocation                3
   f - Passage of Golubria            Translocation                4
Comestibles
 f - 4 meat rations


   Skills:
 + Level 3.0 Fighting
 * Level 3.5 Maces & Flails
 * Level 1.9 Throwing
 + Level 1.2 Armour
 - Level 1.7 Dodging
 * Level 3.2 Spellcasting
 + Level 0.0 Charms
 * Level 2.4 Translocations


You had one spell level left.
You knew the following spells:

 Your Spells              Type           Power        Failure   Level  Hunger
a - Apportation           Tloc           #.........   10%         1    #......
b - Teleport Other        Tloc           #.......     28%         3    ###....
c - Shroud of Golubria    Chrm/Tloc      #.........   21%         2    ##.....
d - Blink                 Tloc           N/A          14%         2    ##.....


Dungeon Overview and Level Annotations

Branches:
Dungeon (5/15)
 Temple: D:4-7

Altars:

Annotations:
D:3 faibistes' ghost, weakling OgWr


Innate Abilities, Weirdness & Mutations

You are too large for most types of armour.
You have tough skin (AC +1).


Message History

You are more poisoned.
The adder poisons you!
You miss the adder.
The adder is almost dead.
* * * LOW HITPOINT WARNING * * *
You feel sick. The adder bites you but does no damage.
You sock the adder!
You kill the adder!
* * * LOW HITPOINT WARNING * * *
You feel sick.
There is a lethal amount of poison in your body!
Drink which item? (? for menu, Esc to quit)
Okay, then.
* * * LOW HITPOINT WARNING * * *
You feel sick.
Things that are here:
a leather armour; a flail
* * * LOW HITPOINT WARNING * * *
You feel sick.
You die...

#. #.# #.(.
#.##.##.# #.##
#....(#.# #.#
#####.#(# #.#
#(..<..# #.#
#.#.###### #.#
##.#[.....# #.#
#..###...#####.###
#.##
.....'..@W......>#
#.#.
##..##..(##.######
###... ## #.(.##.#
#..... #((.##.#
#.###. #...##.#
#.# #. #...##.#
#.# #. ....##.#
#.# #.
#(....#.########.#
#. )..##.........#
#.


You could see faibistes' ghost.

Vanquished Creatures
  An adder (D:3)
  An ooze (D:3)
  2 orcs (D:3)
  2 ball pythons
  9 bats
  7 goblins
  2 hobgoblins
  8 jackals (D:1)
  9 kobolds
  A quokka (D:2)
  A giant gecko (D:1)
  8 giant newts
  7 rats
  A butterfly (D:3)
59 creatures vanquished.

Notes
Turn   | Place    | Note
--------------------------------------------------------------
     0 | D:1      | faibistes, the Ogre Warper, began the quest for the Orb.
     0 | D:1      | Reached XP level 1. HP: 22/22 MP: 3/3
   356 | D:1      | Reached XP level 2. HP: 26/29 MP: 5/5
   366 | D:1      | Learned a level 2 spell: Blink
   449 | D:1      | Learned a level 2 spell: Shroud of Golubria
   469 | D:1      | Reached skill level 1 in Armour
   478 | D:1      | Reached skill level 3 in Fighting
   693 | D:1      | Reached XP level 3. HP: 29/37 MP: 3/6
  2091 | D:3      | Learned a level 3 spell: Teleport Other
  2339 | D:5      | Entered Level 5 of the Dungeon
  2360 | D:3      | Noticed faibistes' ghost (weakling OgWr)
  2360 | D:3      | Reached XP level 4. HP: 43/45 MP: 5/9
  2962 | D:3      | HP: 2/45 [poisoned by an adder]
  2966 | D:3      | Succumbed to an adder's poison

Action                   |  1- 3 |  4- 6 || total
-------------------------+-------+-------++-------
Melee: Mace              |   163 |    49 ||   212
Throw: Stone             |    17 |    26 ||    43
 Cast: Shroud of Golubri |     6 |    12 ||    18
  Use: Scroll            |     2 |       ||     2
  Eat: Chunk             |     5 |     1 ||     6
       Pizza             |       |     1 ||     1
